 Dungeon Sprint DCSS version 0.20-a0-1124-g2e29d97 (webtiles) character file.

26110 potatolord6000 the Executioner (level 13, -2/159 HPs)
             Began as a Hill Orc Fighter on May 16, 2017.
             Was an Initiate of Gozag.
             Slain by an emperor scorpion (3 damage)
             ... in the Dungeon (Sprint IX: "|||||||||||||||||||||||||||||").
             The game lasted 00:13:49 (2741 turns).

potatolord6000 the Executioner (Hill Orc Fighter)   Turns: 2741, Time: 00:13:49

Health: -2/159     AC: 17    Str: 39    XL:     13   Next: 23%
Magic:  13/13      EV: 11    Int: 13    God:    Gozag
Gold:   1134       SH:  0    Dex: 16    Spells: 12/12 levels left

rFire    . . .     SeeInvis .   m - +5 war axe (chop)
rCold    + . .     Gourm    .   (no shield)
rNeg     . . .     Faith    .   q - +11 plate armour of Broken Taboos {Str+7 Int+2}
rPois    +         Spirit   .   z - +0 hat of Compression {rC+ Dex+6 Slay+3}
rElec    .         Reflect  .   a - +0 cloak
rCorr    .         Harm     .   v - +2 pair of gloves {Str+3}
MR       .....     NoTele   +   w - +2 pair of boots {run}
Stlth    ..........             (no amulet)
Regen    0.4/turn               b - +2 ring of evasion
MPRegen  0.2/turn               l - +3 ring of intelligence

@: mighty, corroded, hasted, very quick
A: thin metallic scales 1, poison resistance, robust 1
a: Potion Petition, Call Merchant, Bribe Branch, Renounce Religion


You were in the Dungeon.
You worshipped Gozag.
Gozag was most pleased with you.
You were completely stuffed.

You visited 1 branch You collected 12786 gold pieces.
You spent 4268 gold pieces at shops.
You paid 7384 gold pieces to Gozag.

Inventory:

Hand Weapons
 m - a +5 war axe of chopping (weapon)
 y - a +0 executioner's axe
Armour
 a - a +0 cloak (worn)
 q - the +11 plate armour of Broken Taboos (worn) {Str+7 Int+2}
   (You bought it in a shop in the Dungeon)

   It affects your strength (+7).
   It affects your intelligence (+2).
 v - a +2 pair of gloves of strength (worn)
 w - a +2 pair of boots of running (worn)
 z - the +0 hat of Compression (worn) {rC+ Dex+6 Slay+3}
   (You bought it in a shop in the Dungeon)

   It affects your dexterity (+6).
   It affects your accuracy and damage with ranged weapons and melee attacks
   (+3).
   It protects you from cold.
Jewellery
 b - a +2 ring of evasion (left hand)
 l - a +3 ring of intelligence (right hand)
Scrolls
 d - 2 scrolls of remove curse
 h - 2 scrolls of amnesia
 k - 2 scrolls of blinking
 p - 2 scrolls of recharging
 r - 3 scrolls of identify
 s - 2 scrolls of enchant armour
 t - a scroll of fog
 u - a scroll of fear
Potions
 c - a potion of invisibility
 e - 10 potions of curing
 f - 2 potions of haste
 i - 4 potions of magic
 j - a potion of might
 A - a potion of agility
 B - a potion of brilliance
Comestibles
 n - 40 fruits
 o - 12 bread rations
 x - 10 meat rations


   Skills:
 + Level 21.8 Fighting
 + Level 23.3 Axes
 + Level 20.3 Armour
   Level 3.2 Shields


You had 12 spell levels left.
You didn't know any spells.

Dungeon Overview and Level Annotations

Branches:
Dungeon (1/1)

Altars:
Cheibriados
Dithmenos
Elyvilon
Fedhas
Gozag
Hepliaklqana
Kikubaaqudgha
Makhleb
Nemelex Xobeh
Okawaru
Qazlal
Ru
Sif Muna
Trog
Uskayaw
Vehumet
Wu Jian
Xom
Yredelemnul
Zin
The Shining One
Beogh
Jiyva
Lugonu

Shops:
D [(([!?*[([(


Innate Abilities, Weirdness & Mutations

You are partially covered in thin metallic scales. (AC +2)
Your system is resistant to poisons. (rPois)
You are robust. (+10% HP)


Message History

Unknown command.
You hit the emperor scorpion.
The emperor scorpion is severely wounded.
The emperor scorpion stings you!!
* * * LOW HITPOINT WARNING * * *
The emperor scorpion claws you but does no damage.
The emperor scorpion barely misses you.
Unknown command.
You slice the emperor scorpion!!
The emperor scorpion is almost dead.
The entropy weaver mumbles some strange words.
The entropic weave corrodes you!
Unknown command.
You closely miss the emperor scorpion.
The emperor scorpion is almost dead.
The emperor scorpion stings you!
* * * LOW HITPOINT WARNING * * *
The emperor scorpion barely misses you. The emperor scorpion claws you.
You die...
Your body crumbles into a pile of gold.

▓)▓.▓)▓.▓.▓.▓.▓.▓'
▓(▓)▓)▓.▓[▓)▓.▓.▓_
▓(▓.▓)▓.▓)▓.▓.▓.▓_
▓)▓.▓)▓.▓[▓.▓.▓.▓_
▓(▓.▓.▓.▓[▓.▓.▓.▓_
▓[▓.▓)▓.▓[▓.▓'▓.▓_
▓.▓.▓)▓.▓)▓.▓.▓.▓_
▓(▓.▓.▓.▓∩▓.▓∩▓.▓_
▓@▓.▓[▓.▓.▓.▓.▓.▓_
▓s▓.▓[▓.▓.▓.▓.▓.▓_
▓s▓.▓[▓.▓.▓.▓.▓.▓_
▓s▓.▓[▓.▓)▓.▓.▓.▓_
▓s▓.▓[▓.▓)▓.▓.▓.▓_
▓a▓.▓[▓.▓)▓.▓.▓.▓_
▓s▓.▓[▓.▓)▓.▓.▓.▓_
▓y▓.▓[▓.▓)▓.▓'▓.▓_
▓.▓.▓.▓.▓)▓.▓.▓.▓_


You could see an emperor scorpion, an entropy weaver, a demonic crawler, 2 orb
spiders, a hornet and a tarantella.

Vanquished Creatures
  Donald (D)
  A stone giant (D)
  Azrael (D)
  2 ettins (D)
  A merfolk javelineer (D)
  Erolcha (D)
  7 ogre magi (D)
  A great orb of eyes (D)
  An alligator snapping turtle (D)
  A two-headed ogre (D)
  2 orc knights (D)
  A wolf spider (D)
  An ugly thing (D)
  A manticore (D)
  8 elephants (D)
  A merfolk siren (D)
  2 spiny frogs (D)
  3 komodo dragons (D)
  A freezing wraith (D)
  2 tengu conjurers (D)
  3 merfolk (D)
  A slime creature (D)
  A snapping turtle (D)
  4 hippogriffs (D)
  2 yaks (D)
  3 fire elementals (D)
  A vampire mosquito (D)
  2 acid dragons (D)
  A soldier ant (D)
  2 hell hounds (D)
  9 orc warriors (D)
  4 porcupines (D)
  An ice beast (D)
  8 ogres (D)
  A wolf (D)
  A centaur (D)
  A crocodile (D)
  A big kobold (D)
  A gnoll sergeant (D)
  3 bullfrogs (D)
  A crimson imp (D)
  5 orc wizards (D)
  5 orc priests (D)
  An adder (D)
  An adder zombie (D)
  An adder skeleton (D)
  7 orcs (D)
  A bat zombie (D)
  2 hobgoblins (D)
  A jackal (D)
  A kobold (D)
  2 frilled lizards (D)
  A quokka skeleton (D)
  A rat (D)
119 creatures vanquished.

Notes
Turn   | Place    | Note
-------+----------+-------------------------------------------
     0 | D        | potatolord6000 the Hill Orc Fighter began the quest for the Orb.
     0 | D        | Reached XP level 1. HP: 19/19 MP: 1/1
    17 | D        | Reached skill level 3 in Axes
    61 | D        | Noticed an ice beast
    61 | D        | Noticed an orc priest
    61 | D        | Noticed a crimson imp
    64 | D        | Reached XP level 2. HP: 28/28 MP: 2/2
    75 | D        | Killed an ice beast
    75 | D        | Reached skill level 7 in Axes
    75 | D        | Reached XP level 3. HP: 11/39 MP: 3/3
    75 | D        | Reached XP level 4. HP: 13/47 MP: 4/4
    85 | D        | Reached XP level 5. HP: 16/52 MP: 5/5
   107 | D        | Reached skill level 8 in Axes
   116 | D        | Found a roughly hewn altar of Beogh.
   116 | D        | Found a snail-covered altar of Cheibriados.
   116 | D        | Found a shadowy altar of Dithmenos.
   116 | D        | Found a white marble altar of Elyvilon.
   116 | D        | Found a blossoming altar of Fedhas.
   116 | D        | Found an opulent altar of Gozag.
   117 | D        | Found a hazy altar of Hepliaklqana.
   118 | D        | Found a viscous altar of Jiyva.
   119 | D        | Found an ancient bone altar of Kikubaaqudgha.
   120 | D        | Found a corrupted altar of Lugonu.
   121 | D        | Found a burning altar of Makhleb.
   122 | D        | Found a sparkling altar of Nemelex Xobeh.
   123 | D        | Found an iron altar of Okawaru.
   124 | D        | Became a worshipper of Gozag Ym Sagoz the Greedy
   125 | D        | Found a stormy altar of Qazlal.
   126 | D        | Found a sacrificial altar of Ru.
   127 | D        | Found a deep blue altar of Sif Muna.
   128 | D        | Found a bloodstained altar of Trog.
   129 | D        | Found a hide-covered altar of Uskayaw.
   130 | D        | Found a radiant altar of Vehumet.
   131 | D        | Found an ornate altar of the Wu Jian Council.
   132 | D        | Found a shimmering altar of Xom.
   133 | D        | Found a basalt altar of Yredelemnul.
   134 | D        | Found a glowing silver altar of Zin.
   135 | D        | Found a glowing golden altar of the Shining One.
   323 | D        | Reached skill level 9 in Axes
   330 | D        | Reached XP level 6. HP: 57/63 MP: 6/6
   345 | D        | Noticed a soldier ant
   345 | D        | Noticed an acid dragon
   351 | D        | Reached skill level 10 in Axes
   353 | D        | Reached skill level 10 in Fighting
   369 | D        | Killed a soldier ant
   369 | D        | Reached skill level 11 in Axes
   369 | D        | Reached XP level 7. HP: 73/73 MP: 7/7
   372 | D        | Reached skill level 10 in Armour
   511 | D        | Gained mutation: You are robust. (+10% HP) [potion of mutation]
   511 | D        | Gained mutation: Your system is resistant to poisons. (rPois) [potion of mutation]
   511 | D        | Gained mutation: You are partially covered in thin metallic scales. (AC +2) [potion of mutation]
   544 | D        | Noticed a hippogriff
   544 | D        | Noticed a yak
   544 | D        | Noticed a komodo dragon
   544 | D        | Noticed a yak
   548 | D        | Killed a hippogriff
   548 | D        | Reached skill level 12 in Axes
   549 | D        | Reached XP level 8. HP: 85/91 MP: 8/8
   551 | D        | Noticed a spiny frog
   553 | D        | Noticed a hippogriff
   555 | D        | Killed a yak
   555 | D        | Reached skill level 13 in Axes
   559 | D        | Killed a komodo dragon
   564 | D        | Killed a yak
   564 | D        | Reached skill level 14 in Axes
   573 | D        | Killed a spiny frog
   573 | D        | Reached XP level 9. HP: 82/103 MP: 9/9
   604 | D        | Bought a runed battleaxe for 275 gold pieces
   660 | D        | Noticed a spiny frog
   664 | D        | Killed a spiny frog
   664 | D        | Reached skill level 15 in Axes
   669 | D        | Noticed a komodo dragon
   683 | D        | Reached skill level 15 in Fighting
   683 | D        | Reached skill level 16 in Axes
   690 | D        | Killed a komodo dragon
   690 | D        | Reached XP level 10. HP: 111/115 MP: 10/10
   715 | D        | Noticed an elephant
   715 | D        | Noticed an elephant
   715 | D        | Noticed an elephant
   715 | D        | Noticed an elephant
   715 | D        | Noticed an elephant
   715 | D        | Noticed an elephant
   722 | D        | Killed an elephant
   727 | D        | Noticed an elephant
   730 | D        | Killed an elephant
   732 | D        | Noticed an elephant
   742 | D        | Killed an elephant
   742 | D        | Reached skill level 17 in Axes
   748 | D        | Killed an elephant
   748 | D        | Reached skill level 15 in Armour
   759 | D        | Killed an elephant
   763 | D        | Killed an elephant
   769 | D        | Killed an elephant
   778 | D        | Killed an elephant
   778 | D        | Reached skill level 18 in Axes
   802 | D        | Bought the +11 plate armour of Broken Taboos {Str+7 Int+2} for 1437 gold pieces
   802 | D        | Bought a +1 pair of gloves of strength for 231 gold pieces
   802 | D        | Bought a +2 helmet of intelligence for 301 gold pieces
  1052 | D        | Noticed Erolcha
  1059 | D        | Killed Erolcha
  1059 | D        | Reached XP level 11. HP: 128/128 MP: 11/11
  1102 | D        | Noticed an ettin
  1114 | D        | Killed an ettin
  1359 | D        | Reached skill level 19 in Axes
  1360 | D        | Noticed an orc knight
  1370 | D        | Noticed an orc knight
  1376 | D        | Killed an orc knight
  1384 | D        | Killed an orc knight
  1453 | D        | Found Poyleik's Armour Emporium.
  1453 | D        | Noticed an ogre mage
  1453 | D        | Noticed an ogre mage
  1453 | D        | Noticed an ogre mage
  1456 | D        | Found Feloesmi's Distillery.
  1462 | D        | Killed an ogre mage
  1466 | D        | Killed an ogre mage
  1470 | D        | Killed an ogre mage
  1470 | D        | Reached skill level 20 in Axes
  1471 | D        | Found Awkimp's Magic Scroll Emporium.
  1474 | D        | Found Hihog's General Store.
  1479 | D        | Noticed an ogre mage
  1483 | D        | Noticed a two-headed ogre
  1487 | D        | Killed an ogre mage
  1493 | D        | Killed a two-headed ogre
  1493 | D        | Reached XP level 12. HP: 123/143 MP: 12/12
  1553 | D        | Bought the cursed +0 hat of Compression {rC+ Dex+6 Slay+3} for 482 gold pieces
  1555 | D        | Bought a potion of curing for 36 gold pieces
  1555 | D        | Bought a potion of curing for 36 gold pieces
  1555 | D        | Bought a potion of haste for 120 gold pieces
  1555 | D        | Bought a potion of might for 48 gold pieces
  1555 | D        | Bought a potion of agility for 48 gold pieces
  1555 | D        | Bought a potion of curing for 36 gold pieces
  1555 | D        | Bought a potion of heal wounds for 60 gold pieces
  1561 | D        | Bought a scroll of enchant armour for 105 gold pieces
  1768 | D        | Bought a +2 pair of boots of running for 747 gold pieces
  1992 | D        | Noticed an ogre mage
  2014 | D        | Noticed a stone giant
  2017 | D        | Killed an ogre mage
  2017 | D        | Reached skill level 21 in Axes
  2018 | D        | Noticed an ogre mage
  2021 | D        | Noticed a great orb of eyes
  2029 | D        | Noticed an ogre mage
  2035 | D        | Killed a stone giant
  2039 | D        | Paralysed by an ogre mage for 5 turns
  2049 | D        | Killed an ogre mage
  2050 | D        | Paralysed by a great orb of eyes for 3 turns
  2053 | D        | Killed a great orb of eyes
  2054 | D        | Noticed an ettin
  2057 | D        | Killed an ogre mage
  2069 | D        | Killed an ettin
  2069 | D        | Reached skill level 22 in Axes
  2102 | D        | Bought an encrusted war axe for 306 gold pieces
  2102 | D        | Identified the +3 war axe of Visekk {elec, *Noise rElec rPois Dex+4} (You bought it in a shop in the Dungeon)
  2361 | D        | Noticed Donald
  2365 | D        | Noticed Azrael
  2378 | D        | Killed Donald
  2394 | D        | Killed Azrael
  2395 | D        | Reached XP level 13. HP: 82/157 MP: 13/13
  2622 | D        | Noticed a merfolk javelineer
  2653 | D        | Killed a merfolk javelineer
  2653 | D        | Reached skill level 23 in Axes
  2712 | D        | Noticed an emperor scorpion
  2712 | D        | Noticed an entropy weaver
  2741 | D        | HP: 1/159 [emperor scorpion (16)]
  2741 | D        | Slain by an emperor scorpion

Vault maps used:
D:        linesprint

Skill      XL: |  1  2  3  4  5  6  7  8  9 10 11 12 13 |
---------------+----------------------------------------+-----
Axes           | 3 7 9 11 12 14 16 18 20 22 23 | 23.3
Fighting       | 4 7 9 10 12 13 15 17 19 21 | 21.8
Armour         | 4 6 8 9 11 12 14 15 17 19 20 | 20.3
Shields        | |  3.2

Action                   |  1- 3 |  4- 6 |  7- 9 | 10-12 | 13-15 || total
-------------------------+-------+-------+-------+-------+-------++-------
Melee: War axe           |    26 |    55 |    61 |   260 |    71 ||   473
Invok: Call Merchant     |       |       |     2 |     4 |     1 ||     7
  Use: Potion            |     2 |     1 |     1 |     5 |     5 ||    14
       Scroll            |       |       |     2 |     3 |       ||     5
 Stab: Distracted        |       |       |     3 |     3 |     1 ||     7
  Eat: Bread ration      |       |       |     1 |       |       ||     1
       Meat ration       |       |       |       |     1 |     1 ||     2
Armor: Scale mail        |    11 |     5 |       |       |       ||    16
       Plate armour      |       |    19 |    24 |   128 |    43 ||   214
Dodge: Dodged            |     7 |    17 |    24 |    48 |    35 ||   131
